 Dungeon Crawl Stone Soup version 0.32-a0-42-ga30500b4d3 (webtiles) character file.

Game seed: 822143646540223773

11337 cforsyth the Fighter (level 12, -8/98 HPs)
             Began as a Djinni Hedge Wizard on Jan 30, 2024.
             Was an Initiate of Gozag.
             Mangled by an eight-headed hydra (14 damage)
             ... on level 12 of the Dungeon.
             The game lasted 00:20:35 (13310 turns).

cforsyth the Fighter (Djinni Hedge Wizard)         Turns: 13310, Time: 00:20:35

Health: -8/98      AC:  4    Str:  9    XL:     12   Next: 6%
Gold:   1772       EV: 12    Int: 21    God:    Gozag SH:  0 Dex: 13

rFire   + + .        a - +0 dagger
rCold   . . .        (no shield)
rNeg    . . .        b - +0 robe
rPois   ∞            g - +0 helmet
rElec   .            (no cloak)
rCorr   .            d - +0 pair of gloves
SInv    .            (boots unavailable)
Will    +....        (no amulet)
Stlth   ++           i - ring of protection from fire
HPRegen 0.36/turn    t - ring of ice
MPRegen 0.00/turn

%: infuse magic (-9 HP)
@: flying, hasted, very quick
A: sickness immunity, fire resistance 2, cold vulnerability 1, float, innate
caster, HP casting, extra vitality 1
a: Renounce Religion, Potion Petition, Call Merchant, Bribe Branch


You were on level 12 of the Dungeon.
You worshipped Gozag.
Gozag was most pleased with you.
You visited 2 branches of the dungeon, and saw 13 of its levels.

You collected 1860 gold pieces.
You paid 88 gold pieces to Gozag.

Inventory:

Hand Weapons
 a - a +0 dagger (weapon)
Missiles
 y - 3 throwing nets
Armour
 b - a +0 robe (worn)
 c - a +0 hat
 d - a +0 pair of gloves (worn)
 g - a +0 helmet (worn)
Jewellery
 i - a ring of protection from fire (left hand)
 j - a +5 ring of evasion
 k - a ring of protection from cold
 t - a ring of ice (right hand)
 G - a ring of positive energy
 J - a +5 ring of evasion
Wands
 q - a wand of polymorph (10)
 w - a wand of paralysis (23)
 E - a wand of flame (19)
Scrolls
 e - 4 scrolls of enchant weapon {unknown}
 f - 2 scrolls of poison {unknown}
 n - 4 scrolls of teleportation {unknown}
 o - 3 scrolls of amnesia {unknown}
 p - 2 scrolls of blinking {unknown}
 u - a scroll of fear {unknown}
 v - a scroll of immolation {unknown}
 x - 4 scrolls of noise {unknown}
 z - 2 scrolls of vulnerability {unknown}
 A - 2 scrolls of silence {unknown}
 B - 3 scrolls of fog {unknown}
 I - a scroll of enchant armour {unknown}
 K - a scroll of revelation {unknown}
Potions
 h - a potion of invisibility {unknown}
 l - 2 potions of mutation
 m - 6 potions of curing
 r - a potion of enlightenment
 C - a potion of berserk rage
 D - a potion of heal wounds
 F - a potion of attraction {unknown}
 H - 2 potions of lignification


   Skills:
 + Level 13.2 Fighting
 - Level 2.1 Dodging
 - Level 1.5 Stealth
 + Level 10.5 Spellcasting
 + Level 10.5 Conjurations
 + Level 10.5 Hexes
   Level 0.0 Charms
 + Level 10.5 Summonings
 + Level 10.5 Necromancy
 + Level 10.5 Translocations
   Level 0.0 Transmutations
 + Level 10.5 Fire Magic
 + Level 10.5 Ice Magic
 + Level 10.5 Air Magic
 + Level 10.5 Earth Magic
 + Level 10.5 Alchemy


You knew the following spells:

 Your Spells              Type           Power      Damage    Failure   Level
a - Magic Dart            Conj           100%       1d8       1%          1
b - Slow                  Hex            100%       N/A       1%          1
c - Blink                 Tloc           100%       N/A       1%          2
d - Call Imp              Summ           100%       N/A       1%          2
e - Mephitic Cloud        Conj/Alch/Air  53%        N/A       1%          3
f - Necrotise             Necr           100%       1d9       1%          1
g - Lesser Beckoning      Tloc           100%       N/A       1%          2
h - Frozen Ramparts       Ice            100%       1d16      1%          3
i - Summon Lightning Spi  Summ/Air       53%        N/A       1%          4
j - Animate Armour        Summ/Erth      100%       N/A       1%          4
Your spell library was empty.

Dungeon Overview and Level Annotations

Branches:
Dungeon (12/15)            Temple (1/1) D:6            Lair (0/5) D:8
    Orc (0/2) D:11

Altars:
Ashenzari
Cheibriados
Dithmenos
Elyvilon
Fedhas
Gozag
Hepliaklqana
Makhleb
Nemelex Xobeh
Okawaru
Qazlal
Ru
Trog
Uskayaw
Wu Jian
Xom
Yredelemnul
Zin
The Shining One

Shops:
D:5 =   D:11 *


Innate Abilities, Weirdness & Mutations

You are immune to sickness and miasma.
You are immune to poison.
Your flesh is very heat resistant. (rF++)
You are vulnerable to cold. (rC-)
You float through the air rather than walking.
You learn spells naturally, not from books.
Your magical power is your life essence.
You have superior vitality. (+4 MHP)


Message History

Your lightning spire is destroyed!
Your lightning spire disappears in a puff of smoke!
Your cerulean imp barely misses the eight-headed hydra.
Your cerulean imp completely misses the eight-headed hydra.
Casting: Mephitic Cloud (safe; 1% risk of failure)
Confirm with . or Enter, or press ? or * to list all spells.
An electric hum fills the air.
Casting: Summon Lightning Spire (mildly dangerous; 1% risk of failure)
Confirm with . or Enter, or press ? or * to list all spells.
A tiny devil pulls itself out of the air.
Your cerulean imp disappears in a puff of smoke!
The eight-headed hydra attacks as it pursues you!
The eight-headed hydra closely misses you.
The eight-headed hydra bites you! x2
The eight-headed hydra closely misses you.
The eight-headed hydra barely misses you.
The eight-headed hydra bites you.
The eight-headed hydra bites you but does no damage.
The eight-headed hydra bites you!
* * * LOW HITPOINT WARNING * * *
Your cerulean imp hits the eight-headed hydra from afar with a +1 spear.
You swap places.
The eight-headed hydra barely misses your cerulean imp.
The eight-headed hydra bites your cerulean imp. x3
The eight-headed hydra barely misses your cerulean imp.
The eight-headed hydra bites your cerulean imp!
Your cerulean imp dies!
Your cerulean imp disappears in a puff of smoke!
Okay, then.
You feel yourself speed up.
The orc priest begins to cast a cantrip, but forgets the words!
You feel much better. The eight-headed hydra bites you!
* * * LOW HITPOINT WARNING * * *
The eight-headed hydra bites you!
* * * LOW HITPOINT WARNING * * *
The eight-headed hydra bites you!
* * * LOW HITPOINT WARNING * * *
The eight-headed hydra bites you!
You die...
Your body crumbles into a pile of gold.

#.........#
#....§....#
#.
#####5#####
#. #o..D.#
#. #o#####
#.# #.# #.#
###.### #.#
#[# #..D..#
#..
#.####8.@..#
#.#
#..........#
#.#
#..###.....#
#.# #..#
#.....# #.#
##(.#
#######
######.#
#.[.###
#......#
#.#...#
#.####.#
#.###.# #.#
#.# #.# #.#
#.# #.#####


You could see an eight-headed hydra (ally target), an orc priest, an orc and a
friendly lightning spire (summoned).

Vanquished Creatures
  A two-headed ogre (D:10)
  Lodul (D:11)
  A manticore (D:11)
  A gargoyle (D:12)
  2 unseen horrors
  A kobold demonologist (D:9)
  A troll (D:12)
  Sigmund (D:6)
  A vampire (D:9)
  11 yaks (D:10)
  2 wyverns
  4 steam dragons
  4 vampire mosquitoes (D:10)
  2 black bears
  3 orc warriors
  2 sky beasts
  9 ogres (D:11)
  A centaur (D:7)
  A phantom (D:4)
  3 kobold brigands
  A scorpion (D:6)
  4 killer bees (D:9)
  6 howler monkeys
  2 jellies
  2 bombardier beetles (D:5)
  2 hounds (D:7)
  2 orc priests
  2 iguanas
  3 orc wizards
  7 adders
  15 gnolls
  A shadow imp (D:8)
  A white imp (D:7)
  2 ufetubi (D:6)
  3 ribbon worms
  A dart slug (D:2)
  23 orcs
  10 ball pythons
  7 endoplasms
  3 giant cockroaches
  2 goblins
  7 hobgoblins
  4 jackals (D:1)
  5 quokkas
  5 bats
  2 frilled lizards
  16 kobolds
  5 rats
195 creatures vanquished.

Vanquished Creatures (collateral kills)
  A two-headed ogre (D:10)
  A cyclops (D:12)
  Psyche (D:11)
  3 trolls
  A vampire (D:11)
  A steam dragon (D:9)
  A centaur (D:12)
  2 gnoll sergeants (D:10)
  2 killer bees (D:9)
  A gnoll bouda (D:5)
  5 gnolls
19 creatures vanquished.

Grand Total: 214 creatures vanquished

Notes
Turn   | Place    | Note
-------+----------+-------------------------------------------
     0 | D:1      | cforsyth the Djinni Hedge Wizard began the quest for the
                  | Orb.
     0 | D:1      | cforsyth set off with the following spells memorised: Magic
                  | Dart, Slow, Blink, Call Imp, Mephitic Cloud.
     0 | D:1      | Reached XP level 1. HP: 15/15 MP: 0/0
    96 | D:1      | Reached XP level 2. HP: 5/22 MP: 0/0
   131 | D:1      | Reached skill level 1 in Fighting
   314 | D:1      | Reached XP level 3. HP: 21/27 MP: 0/0
   314 | D:1      | Learned a level 1 spell: Necrotise
   891 | D:2      | Reached skill level 2 in Fighting
  1181 | D:2      | Reached XP level 4. HP: 32/33 MP: 0/0
  2042 | D:3      | Found a snail-covered altar of Cheibriados.
  2715 | D:4      | Reached XP level 5. HP: 39/40 MP: 0/0
  2715 | D:4      | Learned a level 2 spell: Lesser Beckoning
  2775 | D:4      | Reached skill level 3 in Fighting
  3504 | D:4      | Found an opulent altar of Gozag.
  3585 | D:5      | Entered Level 5 of the Dungeon
  3600 | D:5      | Noticed a phantom
  3609 | D:5      | Reached XP level 6. HP: 24/47 MP: 0/0
  3708 | D:4      | Reached skill level 4 in Fighting
  3893 | D:5      | Found Tephoate's One-of-a-Kind Rings.
  4262 | D:5      | Reached XP level 7. HP: 49/53 MP: 0/0
  4262 | D:5      | Learned a level 3 spell: Frozen Ramparts
  4366 | D:5      | Found a white marble altar of Elyvilon.
  4582 | D:6      | Noticed Sigmund
  5086 | D:6      | Noticed a steam dragon
  5103 | D:6      | Killed a steam dragon
  5104 | D:6      | Reached skill level 5 in Fighting
  5104 | D:6      | Reached skill level 5 in Spellcasting
  5104 | D:6      | Reached skill level 5 in Conjurations
  5104 | D:6      | Reached skill level 5 in Hexes
  5104 | D:6      | Reached skill level 5 in Summonings
  5104 | D:6      | Reached skill level 5 in Necromancy
  5104 | D:6      | Reached skill level 5 in Translocations
  5104 | D:6      | Reached skill level 5 in Fire Magic
  5104 | D:6      | Reached skill level 5 in Ice Magic
  5104 | D:6      | Reached skill level 5 in Air Magic
  5104 | D:6      | Reached skill level 5 in Earth Magic
  5104 | D:6      | Reached skill level 5 in Alchemy
  5261 | D:6      | Killed Sigmund
  5262 | D:6      | Reached XP level 8. HP: 51/61 MP: 0/0
  5400 | D:6      | Reached skill level 6 in Fighting
  5560 | D:6      | Found a staircase to the Ecumenical Temple.
  5808 | D:6      | Found a basalt altar of Yredelemnul.
  6311 | Temple   | Entered the Ecumenical Temple
  6472 | D:4      | Became a worshipper of Gozag Ym Sagoz the Greedy
  6646 | D:7      | Reached skill level 7 in Fighting
  6894 | D:7      | Found an ornate altar of the Wu Jian Council.
  6963 | D:7      | Reached XP level 9. HP: 52/69 MP: 0/0
  6963 | D:7      | Learned a level 4 spell: Summon Lightning Spire
  7360 | D:7      | Reached skill level 8 in Fighting
  8382 | D:8      | Identified the +8 dagger of the Dead {spect, *Noise Will+
                  | Dex+4}
  8663 | D:8      | Found a staircase to the Lair.
  8950 | D:9      | Reached skill level 9 in Fighting
  8954 | D:9      | Reached XP level 10. HP: 58/78 MP: 0/0
  9044 | D:9      | Found a bloodstained altar of Trog.
  9497 | D:9      | Found a hazy altar of Hepliaklqana.
  9560 | D:9      | Noticed a kobold demonologist
  9566 | D:9      | Noticed an ice devil
  9571 | D:9      | Killed a kobold demonologist
  9572 | D:9      | Reached skill level 10 in Fighting
  9858 | D:10     | Entered Level 10 of the Dungeon
  9858 | D:10     | Noticed a two-headed ogre
  9858 | D:10     | Noticed a two-headed ogre
  9933 | D:10     | Killed a two-headed ogre
  9933 | D:10     | Killed a two-headed ogre
 10440 | D:10     | Reached skill level 11 in Fighting
 10446 | D:10     | Reached XP level 11. HP: 47/87 MP: 0/0
 10446 | D:10     | Learned a level 4 spell: Animate Armour
 11238 | D:10     | Found a shadowy altar of Dithmenos.
 11329 | D:10     | Reached skill level 12 in Fighting
 11465 | D:11     | Found Ydauden's Gadget Gallery.
 11611 | D:11     | Noticed Lodul
 11707 | D:11     | Killed Lodul
 11708 | D:11     | Reached skill level 10 in Spellcasting
 11708 | D:11     | Reached skill level 10 in Conjurations
 11708 | D:11     | Reached skill level 10 in Hexes
 11708 | D:11     | Reached skill level 10 in Summonings
 11708 | D:11     | Reached skill level 10 in Necromancy
 11708 | D:11     | Reached skill level 10 in Translocations
 11708 | D:11     | Reached skill level 10 in Fire Magic
 11708 | D:11     | Reached skill level 10 in Ice Magic
 11708 | D:11     | Reached skill level 10 in Air Magic
 11708 | D:11     | Reached skill level 10 in Earth Magic
 11708 | D:11     | Reached skill level 10 in Alchemy
 12110 | D:11     | Noticed a manticore
 12291 | D:11     | Noticed Psyche
 12298 | D:11     | Killed a manticore
 12303 | D:11     | Killed Psyche
 12431 | D:11     | Found a staircase to the Orcish Mines.
 12937 | D:12     | Reached skill level 13 in Fighting
 12944 | D:12     | Noticed a cyclops
 12956 | D:12     | Killed a cyclops
 12957 | D:12     | Reached XP level 12. HP: 77/98 MP: 0/0
 13289 | D:12     | Noticed an eight-headed hydra
 13310 | D:12     | Mangled by an eight-headed hydra

Illustrated notes

Levels and vault maps discovered:
D:1:      nzn_arrival_water_spiral, layout_loops_cross
D:2:      layout_rooms
D:3:      mumra_celtic_spiral_tile, layout_basic, lemuel_tele_altar
D:4:      layout_cave_pods, marbit_many_paths, kennysheep_generic_room_9
D:5:      layout_basic, nicolae_elyvilon_temple_path, nicolae_shop_unique_rings
D:6:      layout_loops_corners, nicolae_overflow_hidden_temple,
          minmay_temple_entry_arrows, uniq_sigmund
D:7:      layout_basic, mainiacjoe_overflow_paths, kennysheep_generic_room_16
D:8:      layout_cave_pools, lair_entry_dummy
D:9:      layout_rooms, mainiacjoe_overflow_surrounded_room,
          trog_three_pillars_becter
D:10:     layout_irregular_city, lemuel_round_altar
D:11:     layout_big_octagon, orc_0_dummy, nicolae_shop_gadgets, uniq_lodul,
          uniq_psyche
D:12:     layout_loops_ring, serial_demonic, serial_demonic_b, serial_demonic_d,
          serial_demonic_g, serial_demonic_g, uniq_kirke
Temple:   compressed_dpeg_circular_temple

Skill      XL: |  1  2  3  4  5  6  7  8  9 10 11 |
---------------+----------------------------------+-----
Fighting       | 1 2 3 4 5 7 9 11 13 | 13.2
Spellcasting   | 4 5 6 7 9 10 | 10.5
Conjurations   | 4 5 6 7 9 10 | 10.5
Hexes          | 4 5 6 7 9 10 | 10.5
Summonings     | 4 5 6 7 9 10 | 10.5
Necromancy     | 4 5 6 7 9 10 | 10.5
Translocations | 4 5 6 7 9 10 | 10.5
Fire Magic     | 4 5 6 7 9 10 | 10.5
Ice Magic      | 4 5 6 7 9 10 | 10.5
Air Magic      | 4 5 6 7 9 10 | 10.5
Earth Magic    | 4 5 6 7 9 10 | 10.5
Alchemy        | 4 5 6 7 9 10 | 10.5
Dodging        | |  2.1
Stealth        | |  1.5

Action                     |  1- 3 |  4- 6 |  7- 9 | 10-12 || total
---------------------------+-------+-------+-------+-------++-------
  Melee: Dagger            |       |       |     5 |     4 ||     9
   Cast: Magic Dart        |    98 |   157 |   259 |   194 ||   708
         Mephitic Cloud    |     1 |     9 |    21 |    37 ||    68
         Call Imp          |       |     6 |     1 |    16 ||    23
         Slow              |       |     1 |     2 |     1 ||     4
         Frozen Ramparts   |       |       |    19 |    24 ||    43
         Summon Lightning  |       |       |     3 |    13 ||    16
         Animate Armour    |       |       |       |     7 ||     7
         Blink             |       |       |       |     1 ||     1
    Use: Scroll            |       |       |       |     9 ||     9
         Potion            |       |       |       |     4 ||     4
   Stab: Confused          |       |       |       |     1 ||     1
 Armour: Robe              |     2 |    19 |    64 |    81 ||   166
  Dodge: Dodged            |     9 |    25 |    56 |    45 ||   135

Table legend: (Time is in decaauts)
 A = Elapsed time spent in this place.
 B = Non-inter-level travel time spent in this place.
 C = Inter-level travel time spent in this place.
 D = Time resting spent in this place.
 E = Time spent auto-exploring this place.
 F = Levels seen in this place.
 G = Mean time per level.
                   A        B        C        D        E       F      G
               +--------+--------+--------+--------+--------+-----+--------+
         Total |  13315 |  12731 |    584 |    938 |   9986 |  13 | 1024.2 |
       Dungeon |  13276 |  12712 |    564 |    938 |   9986 |  12 | 1106.3 |
        Temple |     38 |     19 |     19 |      0 |      0 |   1 |   38.0 |
               +--------+--------+--------+--------+--------+-----+--------+

Top non-repeatable levels by time:
    D:10: 1667 daAuts
     D:7: 1475 daAuts
     D:6: 1450 daAuts
     D:5: 1227 daAuts
     D:3: 1211 daAuts
     D:4: 1151 daAuts
    D:11: 1052 daAuts
     D:9: 982 daAuts
     D:8: 892 daAuts
     D:1: 856 daAuts
    D:12: 675 daAuts
     D:2: 633 daAuts
  Temple: 38 daAuts
